AoeStats
← omi_omar

Scandinavia

510381370Analyzed
1v1 RM · 9h ago on Sep 30, 2026· 45m 18s· 2 players
Game mode
Random Map
Map size
Tiny (2 player)
Population
200
Speed
Normal
Resources
Standard
Victory
Conquest
Starting age
Dark Age
Ending age
Imperial Age
RankedLock teamsTeams togetherTeam positionsShared explorationLock speedFull tech treeHidden civsTurbo modeCheats
Victory
Defeat
🇹🇷 Celts · Türkiye
895
+14
🇨🇭 Teutons · Switzerland
862
-35
omi_omar
1:13 Loom
13:01 Feudal Age
14:05 Double-Bit Axe
14:47 Fishing Lines
19:47 Castle Age
20:49 Bow Saw
20:22 Horse Collar
20:34 Gillnets
24:38 Wheelbarrow
28:54 Bloodlines
30:37 Hand Cart
30:10 Town Watch
31:44 Gold Mining
31:44 Stone Mining
33:32 Squires
33:17 Arson
32:53 Pikeman
34:17 Ironclad
34:20 Pikeman
37:35 Imperial Age
35:27 Fortified Wall
35:40 Ballistics
36:07 Medium Warships
39:19 Chemistry
38:10 Heated Shot
38:34 Forging
38:29 Scale Barding Armor
38:25 Scale Mail Armor
39:06 Heavy Plow
40:11 Two-Man Saw
39:23 Elite Teutonic Knight
40:00 Halberdier
41:55 Conscription
41:18 Cavalier
42:45 Fervor
43:26 Theocracy
43:06 Masonry
43:01 Siege Engineers
44:02 Guilds
44:23 Coinage
45:08 Chain Mail Armor
45:28 Iron Casting
Yüce Ahmet
0:31 Loom
12:46 Feudal Age
14:42 Wheelbarrow
13:55 Double-Bit Axe
19:23 Castle Age
17:34 Stone Mining
19:27 Gold Mining
19:46 Fishing Lines
22:17 Bow Saw
25:09 Horse Collar
25:57 Heavy Plow
26:25 Heavy Plow
27:48 Stronghold
27:46 Town Watch
33:13 Imperial Age
31:01 Hand Cart
31:11 Forging
31:02 Scale Mail Armor
31:08 Scale Barding Armor
31:28 Pikeman
31:54 Arson
32:46 Iron Casting
33:38 Chain Mail Armor
33:14 Fletching
33:25 Halberdier
34:40 Conscription
35:00 Husbandry
34:20 Light Cavalry
36:42 Blast Furnace
36:37 Padded Archer Armor
37:24 Stone Shaft Mining
37:25 Gold Shaft Mining
36:42 Elite Skirmisher
38:14 Hussar
42:55 Furor Celtica
43:21 Hoardings
42:18 Sappers
Connection lost

Rejoining the realm…

Still unreachable

The connection could not be restored.

Session expired

The server has moved on; the page needs a fresh start.